 Seeded DCSS version 0.29.1-12-g30fa7ad0bf (webtiles) character file.

Game seed: 20221131182602 (custom seed)

417 stormannn the Insei (level 6, -1/47 HPs)
             Began as a Gnoll Transmuter on Dec 31, 2022.
             Slain by a goblin
             ... wielding a +0 whip
             ... led by Robin
              (4 damage)
             ... on level 3 of the Dungeon.
             The game lasted 00:05:16 (2880 turns).

stormannn the Insei (Gnoll Transmuter)              Turns: 2880, Time: 00:05:17

Health: -1/47      AC:  2    Str: 12    XL:     6   Next: 93%
Magic:  13/14      EV: 13    Int: 12    God:
Gold:   108        SH:  0    Dex: 12    Spells: 13/16 levels left

rFire   . . .      SeeInvis .   e - +2 scythe (vorpal)
rCold   . . .      Faith    .   (shield currently unavailable)
rNeg    . . .      Spirit   .   a - +0 robe
rPois   .          Reflect  .   (helmet currently unavailable)
rElec   .          Harm     .   (no cloak)
rCorr   .          Rampage  .   (no gloves)
Will    .....                   (boots currently unavailable)
Stlth   ++........              (no amulet)
HPRegen 0.15/turn               (no ring)
MPRegen 0.14/turn               (no ring)

@: appendages, wereblooded
A: horns 2, talons 2, fangs 1, strong nose, distributed training
a: End Transformation


You were on level 3 of the Dungeon.
You had temporarily grown beastly horns and talons.
You visited 1 branch of the dungeon, and saw 3 of its levels.

You collected 108 gold pieces.

Inventory:

Hand Weapons
 e - a +2 vorpal scythe (weapon)
 g - a +2 short sword of speed
Missiles
 c - 28 stones
Armour
 a - a +0 robe (worn)
Wands
 m - a wand of polymorph (4)
Scrolls
 d - a scroll of teleportation
 f - a scroll of identify
 l - a scroll of poison {unknown}
 n - a scroll of enchant armour {unknown}
Potions
 b - 2 potions of lignification
 h - 2 potions of brilliance
 i - 2 potions of heal wounds
 j - a potion of invisibility {unknown}
 k - a potion of mutation {unknown}


   Skills:
 + Level 3.4 Fighting
 + Level 2.2 Short Blades
 + Level 2.2 Long Blades
 + Level 2.2 Axes
 + Level 2.2 Maces & Flails
 + Level 2.2 Polearms
 + Level 2.2 Staves
 + Level 2.2 Ranged Weapons
 + Level 2.2 Throwing
 + Level 2.2 Armour
 + Level 5.1 Dodging
 + Level 2.2 Stealth
 + Level 2.2 Shields
 + Level 6.9 Unarmed Combat
 + Level 5.5 Spellcasting
 + Level 1.8 Conjurations
 + Level 1.8 Hexes
 + Level 1.8 Summonings
 + Level 1.8 Necromancy
 + Level 1.8 Translocations
 + Level 4.2 Transmutations
 + Level 1.8 Fire Magic
 + Level 1.8 Ice Magic
 + Level 1.8 Air Magic
 + Level 1.8 Earth Magic
 + Level 1.8 Poison Magic
 + Level 2.5 Invocations
 + Level 2.2 Evocations


You had 13 spell levels left.
You knew the following spells:

 Your Spells              Type           Power      Damage    Failure   Level
a - Beastly Appendage     Tmut           26%        N/A       3%          1
b - Wereblood             Tmut           13%        N/A       4%          2

Your spell library contained the following spells:

 Spells                   Type           Power      Damage    Failure   Level
 Spider Form              Tmut/Pois      10%        N/A       17%         3
 Tukima's Dance           Hex            7%         N/A       26%         3
 Ice Form                 Ice/Tmut       10%        N/A       50%         4
 Passage of Golubria      Tloc           7%         N/A       65%         4
 Yara's Violent Unravell  Hex/Tmut       5%         3d4       83%         5


Dungeon Overview and Level Annotations

Branches:
Dungeon (3/15)

Altars:

Annotations:
D:3 Robin


Innate Abilities, Weirdness & Mutations

You have temporarily grown beastly horns and talons.
You have very sharp teeth.
Your uncanny sense of smell can sniff out nearby items.
Your experience applies equally to all skills.


Message History

Robin throws the goblin at you!
The goblin hits you with a +1 rapier of flaming!
The goblin burns you. The goblin misses you.
The goblin hits you with a +1 rapier of flaming.
The goblin burns you. The goblin attacks as you move away!
The goblin barely misses you. The goblin attacks as you move away!
The goblin hits you with a +0 club. Robin throws the goblin at you!
The goblin misses you.
You are too injured to fight recklessly!
You are too injured to fight recklessly!
You are too injured to fight recklessly!
You are too injured to fight recklessly!
You are too injured to fight recklessly!
You puncture the goblin!
You feel a bit better.
You kill the goblin!
The goblin hits you with a +1 rapier of flaming.
The goblin burns you.
You impale the goblin!!
You feel a bit better.
You kill the goblin!
Robin throws the goblin at you! The goblin hits you with a +0 whip.
The goblin closely misses you.
You completely miss the goblin. You headbutt the goblin.
You feel a bit better.
You kill the goblin!
Robin throws the goblin at you! The goblin barely misses you.
The goblin hits you with a +0 club.
You hit the goblin. Your headbutt misses the goblin.
The goblin is heavily wounded.
The goblin barely misses you. The goblin hits you with a +0 club.
You completely miss the goblin. You claw the goblin.
Your headbutt misses the goblin. You bite the goblin, but do no damage.
The goblin is moderately wounded.
Robin hits you from afar with a +0 trident.
* * * LOW HITPOINT WARNING * * *
The goblin closely misses you. The goblin hits you with a +0 club.
* * * LOW HITPOINT WARNING * * *
The goblin hits you with a +0 club.
* * * LOW HITPOINT WARNING * * *
The goblin hits you with a +0 whip.
You die...

...........).........
...........<..........
............).........
............).........
......................
...............>.....#
∆#...........ggg....#
#.....:.....#g######
..#........##@#
##....#..##g#
.######....##.#
...........##.#
######......#.#
##...#.#.# #...#...#
#...##..####### ..#
#...##........#


You could see Robin, a hobgoblin (strong) and 3 goblins.

Vanquished Creatures
  Sigmund (D:2)
  A scorpion (D:3)
  An orc priest (D:3)
  Jessica (D:2)
  An orc wizard (D:2)
  Terence (D:3)
  3 adders
  4 orcs
  5 bats (D:2)
  4 endoplasms
  8 hobgoblins
  2 quokkas
  2 ball pythons
  2 frilled lizards (D:3)
  13 goblins
  4 kobolds
  5 rats
58 creatures vanquished.

Notes
Turn   | Place    | Note
-------+----------+-------------------------------------------
     0 | D:1      | stormannn the Gnoll Transmuter began the quest for the Orb.
     0 | D:1      | Reached XP level 1. HP: 17/17 MP: 6/6
   331 | D:1      | Found a faded altar of an unknown god.
   331 | D:1      | Noticed a shining eye
   340 | D:1      | Noticed a great orb of eyes
   413 | D:1      | Reached XP level 2. HP: 19/23 MP: 5/7
   501 | D:1      | Noticed a great orb of eyes
   503 | D:1      | Noticed a great orb of eyes
   956 | D:2      | Reached skill level 5 in Spellcasting
   956 | D:2      | Reached XP level 3. HP: 23/28 MP: 6/9
  1179 | D:2      | Noticed Sigmund
  1193 | D:2      | Killed Sigmund
  1194 | D:2      | Reached skill level 1 in Short Blades
  1194 | D:2      | Reached skill level 1 in Long Blades
  1194 | D:2      | Reached skill level 1 in Axes
  1194 | D:2      | Reached skill level 1 in Maces & Flails
  1194 | D:2      | Reached skill level 1 in Polearms
  1194 | D:2      | Reached skill level 1 in Staves
  1194 | D:2      | Reached skill level 1 in Ranged Weapons
  1194 | D:2      | Reached skill level 1 in Throwing
  1194 | D:2      | Reached skill level 1 in Armour
  1194 | D:2      | Reached skill level 1 in Stealth
  1194 | D:2      | Reached skill level 1 in Shields
  1194 | D:2      | Reached skill level 1 in Conjurations
  1194 | D:2      | Reached skill level 1 in Hexes
  1194 | D:2      | Reached skill level 1 in Summonings
  1194 | D:2      | Reached skill level 1 in Necromancy
  1194 | D:2      | Reached skill level 1 in Translocations
  1194 | D:2      | Reached skill level 1 in Fire Magic
  1194 | D:2      | Reached skill level 1 in Ice Magic
  1194 | D:2      | Reached skill level 1 in Air Magic
  1194 | D:2      | Reached skill level 1 in Earth Magic
  1194 | D:2      | Reached skill level 1 in Poison Magic
  1194 | D:2      | Reached skill level 1 in Invocations
  1194 | D:2      | Reached skill level 1 in Evocations
  1194 | D:2      | Reached XP level 4. HP: 14/35 MP: 9/11
  1194 | D:2      | Reached XP level 5. HP: 17/41 MP: 9/12
  1400 | D:2      | Learned a level 2 spell: Wereblood
  1613 | D:2      | Reached XP level 6. HP: 45/47 MP: 13/13
  1786 | D:2      | Noticed Jessica
  1794 | D:2      | Killed Jessica
  1795 | D:2      | Reached skill level 5 in Dodging
  2678 | D:3      | Noticed Terence
  2726 | D:3      | Killed Terence
  2867 | D:3      | Noticed Robin
  2880 | D:3      | Slain by a goblin

Illustrated notes

Levels and vault maps discovered:
D:1:      dpeg_arrival_morbid_curiosity, layout_basic,
          hellmonk_ecumenical_altar_watching_god
D:2:      layout_loops_cross, kennysheep_jessica_study, uniq_sigmund
D:3:      layout_rooms, uniq_robin, uniq_terence

Skill      XL: |  1  2  3  4  5  6 |
---------------+-------------------+-----
Spellcasting   | 5 |  5.5
Fighting       | 3 |  3.4
Short Blades   | 1 2 |  2.2
Long Blades    | 1 2 |  2.2
Axes           | 1 2 |  2.2
Maces & Flails | 1 2 |  2.2
Polearms       | 1 2 |  2.2
Staves         | 1 2 |  2.2
Ranged Weapons | 1 2 |  2.2
Throwing       | 1 2 |  2.2
Armour         | 1 2 |  2.2
Stealth        | 1 2 |  2.2
Shields        | 1 2 |  2.2
Conjurations   | 1 |  1.8
Hexes          | 1 |  1.8
Summonings     | 1 |  1.8
Necromancy     | 1 |  1.8
Translocations | 1 |  1.8
Transmutations | 4 |  4.2
Fire Magic     | 1 |  1.8
Ice Magic      | 1 |  1.8
Air Magic      | 1 |  1.8
Earth Magic    | 1 |  1.8
Poison Magic   | 1 |  1.8
Invocations    | 1 2 |  2.5
Evocations     | 1 2 |  2.2
Dodging        | 5 |  5.1
Unarmed Combat | |  6.9

Action                   |  1- 3 |  4- 6 || total
-------------------------+-------+-------++-------
Melee: Unarmed           |    28 |       ||    28
       Kick              |     7 |    10 ||    17
       Headbutt          |     7 |     4 ||    11
       Short sword       |    22 |       ||    22
       Bite              |     2 |     4 ||     6
       Punch             |     2 |       ||     2
       Halberd           |       |    81 ||    81
 Cast: Beastly Appendage |    14 |    12 ||    26
       Wereblood         |       |     4 ||     4
  Use: Potion            |     1 |       ||     1
       Scroll            |       |     4 ||     4
 Stab: Sleeping          |       |     2 ||     2
Armor: Robe              |     5 |    11 ||    16
Dodge: Dodged            |    28 |    62 ||    90
